TOP OF THE 1ST |
Hartford Yard Goats batting - Pitching for Wisconsin Timber Rattlers : RHP Mark Hincks
|
Pitching: RHP Mark Hincks
|
|
Batting: SHB Eddie Quinones
|
0-0: Called Strike 0-1: Ground out U3 (Groundball, 3S, EV 85.6 MPH)
|
Batting: SHB Bobby Santor
|
0-0: Ball 1-0: Ball 2-0: Foul Ball, location: 2F 2-1: SINGLE (Line Drive, 5D, EV 95.0 MPH)
|
Batting: SHB Pete Perla
|
0-0: Ball 1-0: Called Strike 1-1: Foul Ball, location: 2F 1-2: Foul Ball, location: 2F 1-2: Foul Ball, location: 2F 1-2: Fly out, F5 (Popup, 15, EV 78.1 MPH)
|
Batting: RHB Justin Williams
|
0-0: Ball Bobby Santor steals 2nd base 1-0: Ball 2-0: Ball 3-0: Called Strike 3-1: Fly out, F7 (Flyball, 7, EV 75.6 MPH)
|
Top of the 1st over - 0 runs, 1 hit, 0 errors, 1 left on base; Hartford 0 - Wisconsin 0 |
BOTTOM OF THE 1ST |
Wisconsin Timber Rattlers batting - Pitching for Hartford Yard Goats : LHP Steve Lima
|
Pitching: LHP Steve Lima
|
|
Batting: RHB Carlos Salazar
|
0-0: Ball 1-0: Ball 2-0: Ball 3-0: Base on Balls
|
Batting: RHB Matthew Adams
|
0-0: Ball 1-0: Ball 2-0: Reached on error, E6 (Groundball, 56, EV 110.0 MPH) Carlos Salazar to second
|
Batting: RHB Matt Saunders
|
0-0: Fly out, F4 (Popup, 4D, EV 73.1 MPH)
|
Batting: RHB Nick Spiller
|
0-0: Ball 1-0: Called Strike Carlos Salazar steals 3rd base 1-1: Foul Ball, location: 2F 1-2: Foul Ball, location: 2F 1-2: Ball 2-2: Ball 3-2: SINGLE (Flyball, 34D, EV 92.5 MPH) Carlos Salazar scores Matthew Adams to second Matthew Adams to third
|
Batting: LHB Joe Vida
|
0-0: Ball 1-0: Called Strike Nick Spiller steals 2nd base (no throw) 1-1: Ground out 4-3 (Groundball, 4, EV 85.6 MPH) Matthew Adams scores Nick Spiller to third
|
Batting: RHB Jeff Cornett
|
0-0: Ball 1-0: Foul Ball, location: 2F 1-1: Ball 2-1: Ball Steal of home, Nick Spiller is out
|
Bottom of the 1st over - 2 runs, 1 hit, 1 error, 0 left on base; Hartford 0 - Wisconsin 2 |
TOP OF THE 2ND |
Hartford Yard Goats batting - Pitching for Wisconsin Timber Rattlers : RHP Mark Hincks
|
Batting: SHB In-sung Lee
|
0-0: Ball 1-0: Ball 2-0: Ball 3-0: Called Strike 3-1: SINGLE (Line Drive, 56D, EV 94.4 MPH)
|
Batting: RHB Eric Garrett
|
0-0: Ball 1-0: Foul Ball, location: 2F 1-1: Ball In-sung Lee steals 2nd base 2-1: Called Strike 2-2: TRIPLE (Flyball, 9LD, EV 107.5 MPH) In-sung Lee scores
|
Batting: RHB Jerry Edmiston
|
0-0: Ball Wild Pitch! Eric Garrett scores 1-0: Foul Ball, location: 2F 1-1: Ground out 5-3 (Groundball, 56, EV 104.4 MPH)
|
Batting: RHB Steve Waltenbery
|
0-0: Ball 1-0: Ball 2-0: Called Strike 2-1: Ball 3-1: Base on Balls
|
Batting: LHB Mick Knopp
|
0-0: Called Strike Steve Waltenbery steals 2nd, throwing error, E2 Steve Waltenbery to third 0-1: Called Strike 0-2: Ball 1-2: Fly out, F7 (Line Drive, 78M, EV 110.6 MPH) Runner from 3rd tags up, SCORES, throw by LF
|
Batting: SHB Eddie Quinones
|
0-0: Ball 1-0: Ball 2-0: Ball 3-0: Base on Balls
|
Batting: SHB Bobby Santor
|
0-0: Foul Ball, location: 2F 0-1: Ball 1-1: Ball Eddie Quinones steals 2nd base 2-1: Foul Ball, location: 2F 2-2: Ground out 4-3 (Groundball, 4, EV 88.8 MPH)
|
Top of the 2nd over - 3 runs, 2 hits, 1 error, 1 left on base; Hartford 3 - Wisconsin 2 |
BOTTOM OF THE 2ND |
Wisconsin Timber Rattlers batting - Pitching for Hartford Yard Goats : LHP Steve Lima
|
Batting: RHB Jeff Cornett
|
0-0: Foul Ball, location: 2F 0-1: Ball 1-1: Fly out, F8 (Line Drive, 8LD, EV 103.1 MPH)
|
Batting: RHB Aaron Lind
|
0-0: Ball 1-0: Called Strike 1-1: Foul Ball, location: 2F 1-2: Foul Ball, location: 2F 1-2: Ball 2-2: Strikes out swinging
|
Batting: RHB Dave Bateman
|
0-0: Swinging Strike 0-1: Foul Ball, location: 2F 0-2: Foul Ball, location: 2F 0-2: Foul Ball, location: 2F 0-2: Ball 1-2: Ball 2-2: Ball 3-2: Ground out 6-3 (Groundball, 6, EV 99.4 MPH)
|
Bottom of the 2nd over - 0 runs, 0 hits, 0 errors, 0 left on base; Hartford 3 - Wisconsin 2 |
TOP OF THE 3RD |
Hartford Yard Goats batting - Pitching for Wisconsin Timber Rattlers : RHP Mark Hincks
|
Batting: SHB Pete Perla
|
0-0: Ball 1-0: Called Strike 1-1: Called Strike 1-2: Strikes out swinging
|
Batting: RHB Justin Williams
|
0-0: Ball 1-0: Ball 2-0: Ball 3-0: Called Strike 3-1: Called Strike 3-2: Fly out, F9 (Flyball, 9S, EV 91.9 MPH)
|
Batting: SHB In-sung Lee
|
0-0: Called Strike 0-1: Foul Ball, location: 2F 0-2: Ball 1-2: Ball 2-2: Ball 3-2: Base on Balls
|
Batting: RHB Eric Garrett
|
0-0: Ball In-sung Lee steals 2nd, throwing error, E2 In-sung Lee to third 1-0: Swinging Strike 1-1: Called Strike 1-2: Ball 2-2: Strikes out looking
|
Top of the 3rd over - 0 runs, 0 hits, 1 error, 1 left on base; Hartford 3 - Wisconsin 2 |
BOTTOM OF THE 3RD |
Wisconsin Timber Rattlers batting - Pitching for Hartford Yard Goats : LHP Steve Lima
|
Batting: RHB Raymond Young
|
0-0: Ball 1-0: Ball 2-0: Foul Ball, location: 2F 2-1: DOUBLE (Flyball, 89D, EV 93.8 MPH)
|
Batting: RHB Carlos Salazar
|
0-0: Called Strike 0-1: Ball 1-1: Ball 2-1: Foul Ball, location: 2F 2-2: Fly out, F5 (Popup, 5SF, EV 80.0 MPH)
|
Batting: RHB Matthew Adams
|
0-0: Foul Ball, location: 2F 0-1: Hit by Pitch
|
Batting: RHB Matt Saunders
|
0-0: Ball 1-0: Ball 2-0: Foul Ball, location: 2F 2-1: Fly out, F3 (Line Drive, 3, EV 60.6 MPH)
|
Batting: RHB Nick Spiller
|
0-0: Ball 1-0: Ball 2-0: Ball 3-0: Base on Balls Raymond Young to third Matthew Adams to second
|
Batting: LHB Joe Vida
|
0-0: Ball 1-0: Fly out, F6 (Popup, P, EV 81.9 MPH)
|
Bottom of the 3rd over - 0 runs, 1 hit, 0 errors, 3 left on base; Hartford 3 - Wisconsin 2 |
TOP OF THE 4TH |
Hartford Yard Goats batting - Pitching for Wisconsin Timber Rattlers : RHP Mark Hincks
|
Batting: RHB Jerry Edmiston
|
0-0: Ball 1-0: Foul Ball, location: 2F 1-1: Ball 2-1: Ball 3-1: Base on Balls
|
Batting: RHB Steve Waltenbery
|
0-0: Called Strike 0-1: Ball 1-1: Ball 2-1: Foul Ball, location: 2F 2-2: Ball 3-2: Base on Balls Jerry Edmiston to second
|
Pitching: RHP Joe Shaw
|
|
Batting: LHB Mick Knopp
|
0-0: Fly out, F9 (Flyball, 89M, EV 88.1 MPH)
|
Batting: SHB Eddie Quinones
|
0-0: Called Strike 0-1: Foul Ball, location: 2F 0-2: Ball 1-2: Ball 2-2: Foul Ball, location: 2F 2-2: Fielders Choice at 2nd, 5-4 (Groundball, 56, EV 102.5 MPH) Jerry Edmiston to third
|
Batting: SHB Bobby Santor
|
0-0: Ball 1-0: Called Strike 1-1: Ball 2-1: Fly out, F8 (Flyball, 8LD, EV 98.1 MPH)
|
Top of the 4th over - 0 runs, 0 hits, 0 errors, 2 left on base; Hartford 3 - Wisconsin 2 |
BOTTOM OF THE 4TH |
Wisconsin Timber Rattlers batting - Pitching for Hartford Yard Goats : LHP Steve Lima
|
Batting: RHB Jeff Cornett
|
0-0: Ball 1-0: Ball 2-0: Ground out 6-3 (Groundball, 56, EV 102.5 MPH)
|
Pitching: LHP Su-wu Pi
|
|
Batting: RHB Aaron Lind
|
0-0: Ball 1-0: Ground out 6-3 (Groundball, 6, EV 105.6 MPH)
|
Batting: RHB Dave Bateman
|
0-0: Called Strike 0-1: Ball 1-1: Called Strike 1-2: Strikes out swinging
|
Bottom of the 4th over - 0 runs, 0 hits, 0 errors, 0 left on base; Hartford 3 - Wisconsin 2 |
TOP OF THE 5TH |
Hartford Yard Goats batting - Pitching for Wisconsin Timber Rattlers : RHP Joe Shaw
|
Batting: SHB Pete Perla
|
0-0: Foul Ball, location: 2F 0-1: SINGLE (Flyball, 78S, EV 85.6 MPH)
|
Batting: RHB Justin Williams
|
0-0: Ball 1-0: Ball 2-0: Ball 3-0: Called Strike 3-1: Foul Ball, location: 2F 3-2: Base on Balls Pete Perla to second
|
Batting: SHB In-sung Lee
|
0-0: Ball 1-0: Called Strike 1-1: Ball 2-1: Ball Wild Pitch! Pete Perla to third Justin Williams to second 3-1: Base on Balls
|
Batting: RHB Eric Garrett
|
0-0: Ball 1-0: Swinging Strike 1-1: Ball 2-1: Ball 3-1: Base on Balls Pete Perla scores Justin Williams to third In-sung Lee to second
|
Batting: RHB Jerry Edmiston
|
0-0: Called Strike 0-1: SINGLE (Line Drive, 7S, EV 89.4 MPH) Justin Williams scores In-sung Lee to third Eric Garrett to second Runner from 3rd tries for Home, SAFE, throw by LF to home
|
Batting: RHB Steve Waltenbery
|
0-0: DOUBLE (Flyball, 78D, EV 110.6 MPH) Eric Garrett scores Jerry Edmiston to third
|
Pitching: RHP Dan Patino
|
|
Batting: LHB Mick Knopp
|
0-0: Ball 1-0: Ball 2-0: Swinging Strike 2-1: Ball 3-1: Ground out 4-3 (Groundball, 4, EV 107.5 MPH) Jerry Edmiston scores Steve Waltenbery to third
|
Batting: SHB Eddie Quinones
|
0-0: Foul Ball, location: 2F 0-1: Ball 1-1: Ground out 4-3 (Groundball, 4, EV 100.0 MPH) Steve Waltenbery scores
|
Batting: SHB Bobby Santor
|
0-0: Ball 1-0: Called Strike 1-1: Foul Ball, location: 2F 1-2: Ball 2-2: Ground out 3-1 (Groundball, 34, EV 89.4 MPH)
|
Top of the 5th over - 6 runs, 3 hits, 0 errors, 0 left on base; Hartford 9 - Wisconsin 2 |
BOTTOM OF THE 5TH |
Wisconsin Timber Rattlers batting - Pitching for Hartford Yard Goats : LHP Su-wu Pi
|
Batting: RHB Raymond Young
|
0-0: Called Strike 0-1: Ball 1-1: Foul Ball, location: 2F 1-2: Foul Ball, location: 2F 1-2: Foul Ball, location: 2F 1-2: Foul Ball, location: 2F 1-2: Foul Ball, location: 2F 1-2: Ball 2-2: Strikes out looking
|
Batting: RHB Carlos Salazar
|
0-0: Ball 1-0: Called Strike 1-1: Swinging Strike 1-2: Ground out 6-3 (Groundball, 6, EV 100.0 MPH)
|
Batting: RHB Matthew Adams
|
0-0: Called Strike 0-1: Ball 1-1: Ground out 6-3 (Groundball, 6, EV 111.3 MPH)
|
Bottom of the 5th over - 0 runs, 0 hits, 0 errors, 0 left on base; Hartford 9 - Wisconsin 2 |
TOP OF THE 6TH |
Hartford Yard Goats batting - Pitching for Wisconsin Timber Rattlers : RHP Dan Patino
|
Batting: SHB Pete Perla
|
0-0: Ball 1-0: Foul Ball, location: 2F 1-1: Foul Ball, location: 2F 1-2: Foul Ball, location: 2F 1-2: Strikes out looking
|
Batting: RHB Justin Williams
|
0-0: Swinging Strike 0-1: Called Strike 0-2: Ball 1-2: Ball 2-2: Ball 3-2: Foul Ball, location: 2F 3-2: Fly out, F7 (Flyball, 78S, EV 92.5 MPH)
|
Batting: SHB In-sung Lee
|
0-0: Ball 1-0: Ball 2-0: Called Strike 2-1: Called Strike 2-2: SINGLE (Groundball, 34D, EV 105.0 MPH)
|
Batting: RHB Eric Garrett
|
0-0: Foul Ball, location: 2F 0-1: Ball 1-1: Ground out 4-3 (Groundball, 4S, EV 63.8 MPH)
|
Top of the 6th over - 0 runs, 1 hit, 0 errors, 1 left on base; Hartford 9 - Wisconsin 2 |
BOTTOM OF THE 6TH |
Wisconsin Timber Rattlers batting - Pitching for Hartford Yard Goats : LHP Su-wu Pi
|
Batting: RHB Matt Saunders
|
0-0: Ball 1-0: Swinging Strike 1-1: Ground out 3-1 (Groundball, 34, EV 91.9 MPH)
|
Batting: RHB Nick Spiller
|
0-0: DOUBLE (Line Drive, 9LD, EV 109.4 MPH)
|
Batting: LHB Joe Vida
|
0-0: Ball Nick Spiller steals 3rd base 1-0: Called Strike 1-1: Ball Steal of home, Nick Spiller is safe 2-1: Called Strike 2-2: Foul Ball, location: 2F 2-2: Foul Ball, location: 2F 2-2: DOUBLE (Flyball, 8LXD, EV 93.8 MPH)
|
Pitching: RHP Nate Dallman
|
|
Batting: RHB Jeff Cornett
|
0-0: Ball 1-0: Ball 2-0: Called Strike 2-1: Ball 3-1: Base on Balls
|
Batting: RHB Aaron Lind
|
0-0: Ball 1-0: Foul Ball, location: 2F 1-1: Ball 2-1: Foul Ball, location: 2F 2-2: Strikes out swinging
|
Batting: RHB Dave Bateman
|
0-0: Called Strike 0-1: Called Strike 0-2: Strikes out swinging
|
Bottom of the 6th over - 1 run, 2 hits, 0 errors, 2 left on base; Hartford 9 - Wisconsin 3 |
TOP OF THE 7TH |
Hartford Yard Goats batting - Pitching for Wisconsin Timber Rattlers : RHP Dan Patino
|
Pitching: LHP Tom Barone
|
|
Batting: RHB Jerry Edmiston
|
0-0: Ball 1-0: Ball 2-0: Ground out 6-3 (Groundball, 6, EV 95.0 MPH)
|
Batting: RHB Steve Waltenbery
|
0-0: Called Strike 0-1: Called Strike 0-2: Fly out, F4 (Popup, 4M, EV 69.4 MPH)
|
Batting: LHB Mick Knopp
|
0-0: Hit by Pitch
|
Batting: SHB Eddie Quinones
|
0-0: Called Strike 0-1: Swinging Strike 0-2: Foul Ball, location: 2F 0-2: Ball 1-2: Foul Ball, location: 2F 1-2: Ball 2-2: SINGLE (Line Drive, 6D, EV 95.6 MPH) Mick Knopp to second Runner from 2nd tries for 3rd, SAFE, throw by CF made to third
|
Batting: SHB Bobby Santor
|
0-0: Ball 1-0: Called Strike 1-1: Foul Ball, location: 2F 1-2: Ball 2-2: Foul Ball, location: 2F 2-2: Strikes out swinging
|
Top of the 7th over - 0 runs, 1 hit, 0 errors, 2 left on base; Hartford 9 - Wisconsin 3 |
BOTTOM OF THE 7TH |
Wisconsin Timber Rattlers batting - Pitching for Hartford Yard Goats : RHP Nate Dallman
|
Batting: RHB Raymond Young
|
0-0: Ball 1-0: Ball 2-0: Ball 3-0: Called Strike 3-1: Foul Ball, location: 2F 3-2: Base on Balls
|
Pitching: RHP Tony Barragan
|
|
Batting: RHB Carlos Salazar
|
0-0: Ball 1-0: Foul Ball, location: 2F 1-1: Foul Ball, location: 2F 1-2: Grounds into double play, 6-4-3 (Groundball, 6, EV 102.5 MPH)
|
Pinch Hitting: LHB Andy Sanchez
|
0-0: Foul Ball, location: 2F 0-1: Ball 1-1: Ball 2-1: Fly out, F7 (Flyball, 7LM, EV 85.6 MPH)
|
Bottom of the 7th over - 0 runs, 0 hits, 0 errors, 0 left on base; Hartford 9 - Wisconsin 3 |
TOP OF THE 8TH |
Hartford Yard Goats batting - Pitching for Wisconsin Timber Rattlers : LHP Tom Barone
|
Now in RF: Andy Sanchez
|
|
Batting: SHB Pete Perla
|
0-0: Called Strike 0-1: Swinging Strike 0-2: Ball 1-2: Strikes out looking
|
Batting: RHB Justin Williams
|
0-0: Ball 1-0: Swinging Strike 1-1: Ground out 3-1 (Groundball, 34, EV 86.3 MPH)
|
Batting: SHB In-sung Lee
|
0-0: Ball 1-0: Ball 2-0: Called Strike 2-1: Ball 3-1: Ground out 4-3 (Groundball, 4, EV 82.5 MPH)
|
Top of the 8th over - 0 runs, 0 hits, 0 errors, 0 left on base; Hartford 9 - Wisconsin 3 |
BOTTOM OF THE 8TH |
Wisconsin Timber Rattlers batting - Pitching for Hartford Yard Goats : RHP Tony Barragan
|
Batting: RHB Matt Saunders
|
0-0: Ball 1-0: Ball 2-0: Swinging Strike 2-1: Ground out 1-3 (Groundball, P, EV 69.4 MPH)
|
Batting: RHB Nick Spiller
|
0-0: Ground out 1-3 (Groundball, 34S, EV 73.1 MPH)
|
Batting: LHB Joe Vida
|
0-0: Reached on error, E2 (Groundball, 13S, EV 69.4 MPH)
|
Batting: RHB Jeff Cornett
|
0-0: DOUBLE (Line Drive, 78XD, EV 109.4 MPH) Joe Vida to third
|
Batting: RHB Aaron Lind
|
0-0: Foul Ball, location: 2F 0-1: Swinging Strike 0-2: Ball 1-2: Strikes out swinging
|
Bottom of the 8th over - 0 runs, 1 hit, 1 error, 2 left on base; Hartford 9 - Wisconsin 3 |
TOP OF THE 9TH |
Hartford Yard Goats batting - Pitching for Wisconsin Timber Rattlers : LHP Tom Barone
|
Batting: RHB Eric Garrett
|
0-0: Ball 1-0: SINGLE (Groundball, 6MD, EV 99.4 MPH)
|
Batting: RHB Jerry Edmiston
|
0-0: Ball 1-0: Fly out, F3 (Popup, 3SF, EV 76.9 MPH)
|
Batting: RHB Steve Waltenbery
|
0-0: Swinging Strike 0-1: Swinging Strike 0-2: Ball 1-2: Strikes out looking
|
Batting: LHB Mick Knopp
|
0-0: Ball 1-0: Foul Ball, location: 2F 1-1: Swinging Strike 1-2: Foul Ball, location: 2F 1-2: Foul Ball, location: 2F 1-2: SINGLE (Flyball, 89S, EV 92.5 MPH) Eric Garrett to second Throwing error, E8 Eric Garrett scores Mick Knopp to second
|
Batting: SHB Eddie Quinones
|
0-0: Ball 1-0: Called Strike 1-1: Called Strike 1-2: Foul Ball, location: 2F 1-2: Foul Ball, location: 2F 1-2: Ball 2-2: Foul Ball, location: 2F 2-2: Foul Ball, location: 2F 2-2: Ball 3-2: Foul Ball, location: 2F 3-2: Base on Balls
|
Batting: SHB Bobby Santor
|
0-0: Ball 1-0: Ball 2-0: Foul Ball, location: 2F 2-1: Fly out, F7 (Flyball, 7LM, EV 89.4 MPH)
|
Top of the 9th over - 1 run, 2 hits, 1 error, 2 left on base; Hartford 10 - Wisconsin 3 |
BOTTOM OF THE 9TH |
Wisconsin Timber Rattlers batting - Pitching for Hartford Yard Goats : RHP Tony Barragan
|
Pitching: LHP Ryan Morlan
|
|
Batting: RHB Dave Bateman
|
0-0: Called Strike 0-1: Ball 1-1: Swinging Strike 1-2: Strikes out swinging
|
Batting: RHB Raymond Young
|
0-0: Ball 1-0: Swinging Strike 1-1: Called Strike 1-2: Strikes out swinging
|
Batting: RHB Carlos Salazar
|
0-0: Ball 1-0: Ground out 4-3 (Groundball, 4, EV 83.8 MPH)
|
Bottom of the 9th over - 0 runs, 0 hits, 0 errors, 0 left on base; Hartford 10 - Wisconsin 3 |
|